 Dungeon Crawl Stone Soup version 0.29-a0-982-gaed3a0c8d8 (webtiles) character file.

Game seed: 10004214423069720738

242 testman the Shooter (level 5, -8/33 HPs)
             Began as a Deep Elf Hunter on Aug 1, 2022.
             Mangled by Duvessa
             ... wielding a +0 short sword
              (10 damage)
             ... on level 4 of the Dungeon.
             The game lasted 00:04:13 (3137 turns).

testman the Shooter (Deep Elf Hunter)               Turns: 3137, Time: 00:04:13

Health: -8/33      AC:  4    Str:  8    XL:     5   Next: 82%
Magic:  16/16      EV: 12    Int: 17    God:
Gold:   257        SH:  0    Dex: 20    Spells: 4/4 levels left

rFire   . . .      SeeInvis +   a - +0 shortbow
rCold   . . .      Faith    .   (shield currently unavailable)
rNeg    . . .      Spirit   .   c - +0 leather armour
rPois   .          Reflect  .   v - +0 helmet {Int+3}
rElec   .          Harm     .   (no cloak)
rCorr   .          Rampage  .   (no gloves)
Will    .....                   (no boots)
Stlth   ++........              p - amulet of magic regeneration
HPRegen 0.11/turn               f - ring of magical power
MPRegen 0.55/turn               j - ring of see invisible

@: attractive
A: no striking features
a: no special abilities


You were on level 4 of the Dungeon.
You visited 1 branch of the dungeon, and saw 4 of its levels.

You collected 257 gold pieces.

Inventory:

Hand Weapons
 a - a +0 shortbow (weapon)
Armour
 c - a +0 leather armour (worn)
 v - a +0 helmet of intelligence (worn)
Jewellery
 f - a ring of magical power (left hand)
 j - a ring of see invisible (right hand)
 p - an amulet of magic regeneration (around neck)
Wands
 x - a wand of flame (16)
Scrolls
 b - a scroll of immolation
 d - a scroll of amnesia {unknown}
 g - a scroll of noise {unknown}
 h - a scroll of poison {unknown}
 i - a scroll of torment {unknown}
 m - 2 scrolls of vulnerability {unknown}
 q - 2 scrolls of fear {unknown}
 s - 3 scrolls of teleportation {unknown}
 t - 4 scrolls of identify {unknown}
 u - a scroll of enchant weapon {unknown}
Potions
 e - a potion of berserk rage {unknown}
 k - a potion of lignification {unknown}
 l - a potion of attraction
 n - a potion of brilliance {unknown}
 o - 3 potions of curing {unknown}
 r - a potion of degeneration {unknown}
 w - a potion of might {unknown}


   Skills:
 + Level 3.7 Fighting
 + Level 7.6 Ranged Weapons
 - Level 2.4 Dodging
 - Level 1.2 Stealth


You had 4 spell levels left.
You didn't know any spells.
Your spell library contained the following spells:

 Spells                   Type           Power      Damage    Failure   Level
 Petrify                  Tmut/Erth      0%         N/A       98%         4
 Metabolic Englaciation   Hex/Ice        0%         N/A       100%        5
 Statue Form              Tmut/Erth      0%         N/A       100%        6


Dungeon Overview and Level Annotations

Branches:
Dungeon (4/15)
 Temple: D:4-7

Altars:

Shops:
D:1 [

Annotations:
D:4 Dowan, Duvessa


Message History

The adder closely misses you. The adder attacks as you move away!
The adder barely misses you.
You feel sick.
You are no longer poisoned.
You shoot an arrow. The arrow hits the adder.
The adder is severely wounded.
The adder closely misses you.
Dowan casts a spell.
Dowan blinks!
The adder barely misses you.
You shoot an arrow. The arrow barely misses the adder.
The adder bites you but does no damage.
You shoot an arrow. The arrow barely misses the adder.
The adder barely misses you. The adder bites you but does no damage.
You shoot an arrow. The arrow closely misses the adder.
The arrow closely misses Dowan.
The adder bites you.
Dowan casts a spell.
Dowan blinks!
You shoot an arrow. The arrow misses the adder.
The adder closely misses you. The adder barely misses you.
You shoot an arrow. The arrow hits the adder!
You kill the adder!
You shoot an arrow. The arrow hits Duvessa.
Duvessa is lightly wounded.
Duvessa hits you but does no damage.
You shoot an arrow. The arrow hits Duvessa!
Duvessa is moderately wounded.
Duvessa closely misses you.
You shoot an arrow. The arrow hits Duvessa!
Duvessa is heavily wounded.
Dowan gestures at you while chanting. You resist with some effort.
Duvessa hits you with a +0 short sword!
You shoot an arrow. The arrow completely misses Duvessa.
Dowan gestures at you while chanting. The puff of frost hits you!
Duvessa hits you with a +0 short sword!
* * * LOW HITPOINT WARNING * * *
You are too injured to fight recklessly!
You are too injured to fight recklessly!
It was a potion of attraction.
You feel attractive to monsters. Duvessa hits you with a +0 short sword!
You die...

w...#.# ..
#...#.##.#
#........
+.>.....
#####....e#
#.........#
#.#.###.#.#
###.......e.#
#....[###.#@#
#......##.###
#.......#.#
#.......#..
##......###
#......#
#......###
#........#
#.....##...


You could see Duvessa and Dowan.

Vanquished Creatures
  Menkaure (D:4)
  4 adders
  4 worms
  3 dart slugs
  2 orcs
  4 endoplasms
  3 giant cockroaches
  4 goblins
  6 hobgoblins
  A quokka (D:3)
  7 ball pythons
  11 bats
  5 frilled lizards
  4 kobolds
  8 rats
67 creatures vanquished.

Vanquished Creatures (others)
  5 toadstools (D:1)
5 creatures vanquished.

Grand Total: 72 creatures vanquished

Notes
Turn   | Place    | Note
-------+----------+-------------------------------------------
     0 | D:1      | testman the Deep Elf Hunter began the quest for the Orb.
     0 | D:1      | Reached XP level 1. HP: 12/12 MP: 3/3
   301 | D:1      | Reached XP level 2. HP: 17/17 MP: 4/4
  1179 | D:1      | Found Dugy's Armour Shop.
  1274 | D:2      | Reached skill level 6 in Ranged Weapons
  1362 | D:2      | Reached XP level 3. HP: 21/21 MP: 5/5
  2071 | D:2      | Reached XP level 4. HP: 27/27 MP: 6/6
  3101 | D:4      | Noticed Menkaure
  3105 | D:4      | Killed Menkaure
  3106 | D:4      | Reached skill level 7 in Ranged Weapons
  3106 | D:4      | Reached XP level 5. HP: 33/33 MP: 7/7
  3120 | D:4      | Noticed Duvessa
  3120 | D:4      | Noticed Dowan
  3137 | D:4      | Mangled by Duvessa

Illustrated notes

Levels and vault maps discovered:
D:1:      dpeg_arrival_ratfight, layout_loops_corners, serial_shops, shop,
          minmay_gold_behind_fungi, st_stairs_2
D:2:      layout_basic, minmay_diced_spiral
D:3:      layout_basic
D:4:      nicolae_BIG_FREAKIN_CUBE, layout_basic, minmay_increasing_density,
          uniq_duvessa, uniq_menkaure, uniq_blork_the_orc

Skill      XL: |  1  2  3  4 |
---------------+-------------+-----
Fighting       | 2 3 |  3.7
Ranged Weapons | 6 7 |  7.6
Dodging        | |  2.4
Stealth        | |  1.2

Action                   |  1- 3 |  4- 6 || total
-------------------------+-------+-------++-------
 Fire: Shortbow          |   117 |    80 ||   197
  Use: Potion            |       |     1 ||     1
Armor: Leather armour    |    12 |     7 ||    19
Dodge: Dodged            |    30 |    20 ||    50

Table legend: (Time is in decaauts)
 A = Elapsed time spent in this place.
 B = Non-inter-level travel time spent in this place.
 C = Inter-level travel time spent in this place.
 D = Time resting spent in this place.
 E = Time spent auto-exploring this place.
 F = Levels seen in this place.
 G = Mean time per level.
                   A        B        C        D        E       F      G
               +--------+--------+--------+--------+--------+-----+--------+
         Total |   3182 |   3114 |     68 |      0 |   2736 |   4 |  795.5 |
       Dungeon |   3182 |   3114 |     68 |      0 |   2736 |   4 |  795.5 |
               +--------+--------+--------+--------+--------+-----+--------+

Top non-repeatable levels by time:
     D:1: 1280 daAuts
     D:2: 992 daAuts
     D:3: 840 daAuts
     D:4: 69 daAuts
